 Dungeon Crawl Stone Soup version 0.31.0-1-g2c135a008e (webtiles) character file.

Game seed: 9402179494985804113

457 qw the Shooter (level 7, -1/54 HPs)
             Began as a Djinni Hunter on Jan 24, 2024.
             Slain by a gnoll
             ... wielding a +0 club
             ... led by a gnoll bouda
              (2 damage)
             ... on level 4 of the Dungeon.
             The game lasted 00:00:13 (3516 turns).

qw the Shooter (Djinni Hunter)                      Turns: 3516, Time: 00:00:14

Health: -1/54      AC:  5    Str: 16    XL:     7   Next: 27%
Gold:   176        EV: 12    Int: 11    God:
                   SH:  0    Dex: 18

rFire   + + .        k - +0 arbalest
rCold   x . .        (shield currently unavailable)
rNeg    . . .        d - +0 ring mail
rPois   inf          i - +0 helmet
rElec   .            (no cloak)
rCorr   .            h - +1 pair of gloves
SInv    .            (boots unavailable)
Will    .....        (no amulet)
Stlth   +            j - +6 ring of strength
HPRegen 0.29/turn    (no ring)
MPRegen 0.00/turn

%: infuse magic (-2 HP)
@: flying
A: sickness immunity, fire resistance 2, cold vulnerability 1, float, innate
caster, HP casting, extra vitality 1, deformed body, mutation resistance 1
a: no special abilities


You were on level 4 of the Dungeon.
You visited 1 branch of the dungeon, and saw 5 of its levels.

You collected 234 gold pieces.
You spent 58 gold pieces at shops.


Innate Abilities, Weirdness & Mutations

You are immune to sickness and miasma.
You are immune to poison.
Your flesh is very heat resistant. (rF++)
You are vulnerable to cold. (rC-)
You float through the air rather than walking.
You learn spells naturally, not from books.
Your magical power is your life essence.
You have superior vitality. (+4 MHP)
Armour fits poorly on your strangely shaped body.
You are somewhat resistant to further mutation.


   Skills:
 - Level 5.0 Fighting
 + Level 5.1 Ranged Weapons
 - Level 1.1 Armour
 - Level 3.0 Dodging
 - Level 0.7 Stealth


You knew the following spells:

 Your Spells              Type           Power      Damage    Failure   Level
a - Kiss of Death         Conj/Necr      0%         2d5       56%         1
b - Call Imp              Summ           0%         N/A       71%         2
c - Teleport Other        Tloc           0%         N/A       90%         3
Your spell library was empty.

Inventory:

Hand Weapons
 k - a +0 arbalest (weapon)
Armour
 d - a +0 ring mail (worn)
 h - a +1 pair of gloves (worn)
 i - a +0 helmet (worn)
Jewellery
 j - a +6 ring of strength (left hand)
Wands
 c - a wand of flame (23)
Potions
 b - a potion of curing
 g - 2 potions of enlightenment

Dungeon Overview and Level Annotations

Branches:
Dungeon (5/15)
 Temple: D:4-7

Altars:
Ashenzari

Shops:
D:1 ?   D:2 *=


Message History

You start resting.
HP restored.
Done exploring.
What level of the Dungeon? (default 5, ? - help)
You see here a +0 club.
There is a stone staircase leading down here.
You fly downwards.
The gnoll closely misses you. The gnoll hits you with a +0 club.
There is a stone staircase leading up here.
3508 ||| STAIRDANCE The gnoll misses you.
The gnoll hits you with a +0 club. The gnoll closely misses you.
You fly upwards.
There is a stone staircase leading down here.
You shoot a bolt. The bolt closely misses the gnoll.
The gnoll barely misses you. The gnoll closely misses you.
The gnoll hits you but does no damage. The gnoll closely misses you.
The gnoll barely misses you. The gnoll hits you but does no damage.
You shoot a bolt. The bolt hits the gnoll!
The gnoll is heavily wounded.
The gnoll hits you with a +0 club. The gnoll barely misses you. x2
You shoot a bolt.
The bolt hits the gnoll but does no damage.
The gnoll is heavily wounded.
The gnoll hits you but does no damage. The gnoll barely misses you.
The gnoll hits you with a +0 club. x2; The gnoll misses you.
The gnoll hits you with a +0 club.
You shoot a bolt. The bolt hits the gnoll!
You kill the gnoll!
The gnoll hits you with a +0 club! The gnoll hits you with a +0 club.
The gnoll barely misses you. x2
You shoot a bolt. The bolt closely misses the gnoll.
The gnoll hits you with a +0 club! The gnoll hits you with a +0 club. x2
The gnoll barely misses you.
You shoot a bolt. The bolt barely misses the gnoll.
The gnoll hits you with a +0 club! The gnoll hits you with a +0 club.
You shoot a bolt. The bolt barely misses the gnoll.
The gnoll barely misses you. The gnoll hits you with a +0 club!
The gnoll hits you with a +0 club.
You die...

###.#...........# #..#
####...####......# #.#######
#....#...##......###.#......
######....###..#......#...#.#####
....##....# ##..........###.#
###.##....#####.......### #.#
#...........#.......# #.#
#######...###.#(.)....# #.#
...............g@..#### #.#
#############..g#### #.#####
......#.........# #......
............)...# #######
......#.#####...#
................#
......#.####....# ......#.#
#....# ........####.#.##


You could see 2 gnolls.

Vanquished Creatures
  Sigmund (D:2)
  An orc priest (D:2)
  A gnoll bouda (D:4)
  Jessica (D:2)
  An iguana (D:4)
  Ijyb (D:3)
  2 gnolls (D:4)
  2 adders
  3 dart slugs
  2 ribbon worms (D:2)
  17 orcs
  5 bats
  11 endoplasms
  5 giant cockroaches
  6 goblins
  6 hobgoblins
  4 jackals (D:4)
  5 kobolds
  A quokka (D:3)
  6 ball pythons
  5 frilled lizards
  11 rats
97 creatures vanquished.

Notes
Turn   | Place    | Note
-------+----------+-------------------------------------------
     0 | D:1      | qw the Djinni Hunter began the quest for the Orb.
     0 | D:1      | Reached XP level 1. HP: 18/18 MP: 0/0
     0 | D:1      | 0 ||| qw: Version: 0.3-a-136-gdd3b4e8
     0 | D:1      | 0 ||| qw: Game counter: 1240
     0 | D:1      | 0 ||| qw: Melee chars always use a shield: true
     0 | D:1      | 0 ||| qw: God list: Okawaru
     0 | D:1      | 0 ||| qw: Allow faded altars: false
     0 | D:1      | 0 ||| qw: Do Orc after clearing Dungeon:15 true
     0 | D:1      | 0 ||| qw: Do second Lair branch before Depths: true
     0 | D:1      | 0 ||| qw: Lair rune preference: random
     0 | D:1      | 0 ||| qw: Goals: Normal
     0 | D:1      | 0 ||| PLANNING D:1-11
    79 | D:1      | Reached XP level 2. HP: 22/23 MP: 0/0
   154 | D:1      | Found Uvonn's Magic Scroll Emporium.
   162 | D:1      | 162 ||| SHOPLISTING 2 scrolls of teleportation (66 gold,
                  | have 0).
   162 | D:1      | 162 ||| SHOPLISTING scroll of acquirement (572 gold, have
                  | 0).
   162 | D:1      | 162 ||| SHOPLISTING scroll of brand weapon (104 gold, have
                  | 0).
   162 | D:1      | 162 ||| SHOPLISTING scroll of enchant armour (82 gold, have
                  | 0).
   162 | D:1      | 162 ||| SHOPLISTING scroll of identify (22 gold, have 0).
   162 | D:1      | 162 ||| SHOPLISTING scroll of teleportation (33 gold, have
                  | 0).
   207 | D:1      | Reached XP level 3. HP: 28/28 MP: 0/0
   207 | D:1      | Learned a level 1 spell: Kiss of Death
   302 | D:1      | 302 ||| READING scroll labelled YGOARR OBIBLA.
   354 | D:1      | 354 ||| READING scroll labelled MYODIO VAMAO.
   359 | D:1      | 359 ||| READING scroll labelled EBBIATESSI.
   360 | D:1      | 360 ||| DROPPING scroll of butterflies.
   431 | D:2      | Noticed Sigmund
   446 | D:2      | HP: 7/29 [Sigmund/+0 scythe (9)]
   448 | D:2      | Killed Sigmund
   449 | D:2      | Reached XP level 4. HP: 11/39 MP: 0/0
   449 | D:2      | Reached XP level 5. HP: 12/43 MP: 0/0
   449 | D:2      | Learned a level 2 spell: Call Imp
   449 | D:2      | Reached XP level 6. HP: 13/49 MP: 0/0
   660 | D:2      | Reached skill level 3 in Dodging
   778 | D:2      | Noticed Jessica
   785 | D:2      | Killed Jessica
   835 | D:2      | Found Quughin's Jewellery Shoppe.
   947 | D:2      | 947 ||| SHOPLISTING +6 ring of strength (504 gold, have
                  | 52).
   947 | D:2      | 947 ||| SHOPLISTING ring of fire (350 gold, have 52).
   947 | D:2      | 947 ||| SHOPLISTING ring of ice (350 gold, have 52).
   947 | D:2      | 947 ||| SHOPLISTING ring of protection from fire (350 gold,
                  | have 52).
   947 | D:2      | 947 ||| SHOPLISTING ring of resist corrosion (280 gold,
                  | have 52).
  1295 | D:2      | Found Guptuorph's General Store.
  1303 | D:2      | 1303 ||| BUYING +0 helmet (58 gold).
  1303 | D:2      | Bought a +0 helmet for 58 gold pieces
  1303 | D:2      | 1303 ||| SHOPLISTING 2 potions of enlightenment (130 gold,
                  | have 24).
  1303 | D:2      | 1303 ||| SHOPLISTING potion of haste (130 gold, have 24).
  1303 | D:2      | 1303 ||| SHOPLISTING scroll of identify (26 gold, have 24).
  1452 | D:2      | 1452 ||| UPGRADING to +0 ring mail.
  1462 | D:2      | 1462 ||| DROPPING +0 leather armour.
  1463 | D:2      | 1463 ||| UPGRADING to +0 helmet.
  1468 | D:2      | 1468 ||| READING scroll labelled LUCWIKHL JIKHLU.
  1685 | D:3      | Noticed Ijyb
  1714 | D:3      | Killed Ijyb
  1715 | D:3      | Reached skill level 1 in Armour
  2108 | D:3      | Found a broken altar of Ashenzari.
  2324 | D:3      | 2324 ||| UPGRADING to +0 pair of gloves.
  2329 | D:3      | 2329 ||| READING scroll of identify.
  2329 | D:3      | 2329 ||| IDENTIFYING clear potion
  2330 | D:3      | 2330 ||| READING scroll labelled WYXOIJ DOIJURR.
  2431 | D:3      | 2431 ||| READING scroll labelled ONGAFA YCHU.
  2431 | D:3      | 2431 ||| ENCHANTING +0 pair of gloves.
  2432 | D:3      | 2432 ||| DRINKING 2 glowing clear potions.
  2433 | D:3      | 2433 ||| DRINKING 2 viscous yellow potions.
  2434 | D:3      | 2434 ||| DRINKING 3 fizzy inky potions.
  2434 | D:3      | Gained mutation: You are dopey. (Int -2) [potion of
                  | mutation]
  2434 | D:3      | Lost mutation: You are dopey. (Int -2) [potion of mutation]
  2434 | D:3      | Gained mutation: You sometimes lose your temper in combat.
                  | [potion of mutation]
  2435 | D:3      | 2435 ||| DRINKING 2 potions of mutation.
  2435 | D:3      | Lost mutation: You sometimes lose your temper in combat.
                  | [potion of mutation]
  2435 | D:3      | Gained mutation: You are dopey. (Int -2) [potion of
                  | mutation]
  2435 | D:3      | Gained mutation: Your muscles are strong. (Str +4, Int/Dex
                  | -1) [potion of mutation]
  2436 | D:3      | 2436 ||| DRINKING potion of mutation.
  2436 | D:3      | Lost mutation: You are dopey. (Int -2) [potion of mutation]
  2436 | D:3      | Lost mutation: Your muscles are strong. (Str +4, Int/Dex
                  | -1) [potion of mutation]
  2436 | D:3      | Gained mutation: Armour fits poorly on your strangely
                  | shaped body. [potion of mutation]
  2436 | D:3      | Gained mutation: You are somewhat resistant to further
                  | mutation. [potion of mutation]
  2709 | D:4      | Reached XP level 7. HP: 40/54 MP: 0/0
  2709 | D:4      | Learned a level 3 spell: Teleport Other
  2881 | D:4      | 2881 ||| SWAPPING to +0 arbalest.
  2882 | D:4      | 2882 ||| DROPPING +0 shortbow.
  3325 | D:4      | 3325 ||| UPGRADING to +6 ring of strength.
  3351 | D:5      | Entered Level 5 of the Dungeon
  3352 | D:5      | 3352 ||| STAIRDANCE
  3361 | D:4      | HP: 11/54 [gnoll/+0 club[a gnoll bouda] (4)]
  3362 | D:4      | 3362 ||| READING scroll of teleportation.
  3363 | D:4      | 3363 ||| DRINKING potion of heal wounds.
  3508 | D:5      | 3508 ||| STAIRDANCE
  3515 | D:4      | HP: 9/54 [gnoll/+0 club[a gnoll bouda] (7)]
  3516 | D:4      | HP: 1/54 [gnoll/+0 club[a gnoll bouda] (7)]
  3516 | D:4      | Slain by a gnoll

Levels and vault maps discovered:
D:1:      lemuel_arrival_broad_hall, layout_rooms, serial_shops,
          nicolae_shop_crystal
D:2:      layout_basic, serial_shops, shop, shop, uniq_sigmund, uniq_jessica
D:3:      minmay_diamond_boxcup, layout_basic, old_standard_altar, uniq_ijyb
D:4:      layout_basic
D:5:      layout_cave_pools, hex_tiny, hex_large

Skill      XL: |  1  2  3  4  5  6  7 |
---------------+----------------------+-----
Ranged Weapons | 4 5 |  5.1
Fighting       | 5 |  5.0
Dodging        | 3 |  3.0
Armour         | 1 |  1.1
Stealth        | |  0.7

Action                     |  1- 3 |  4- 6 |  7- 9 || total
---------------------------+-------+-------+-------++-------
   Fire: Shortbow          |    58 |   223 |     3 ||   284
         Arbalest          |       |       |    31 ||    31
    Use: Scroll            |     3 |     4 |     1 ||     8
         Potion            |       |     5 |     1 ||     6
 Armour: Leather armour    |     6 |    21 |       ||    27
         Ring mail         |       |    55 |    35 ||    90
  Dodge: Dodged            |    13 |    75 |    32 ||   120

Table legend:
 A = Non-vault XP
 B = Vault XP
 C = Vault XP percentage of total XP
 D = Non-vault monster count
 E = Vault monster count
 F = Vault count percentage of total count
                 A         B        C        D         E       F
            +---------+---------+-------+---------+---------+-------
      Total |     335 |     318 |  48.7 |      85 |      12 |  12.4
            +---------+---------+-------+---------+---------+-------
        D:1 |      30 |       0 |   0.0 |      16 |       0 |   0.0
        D:2 |     107 |     263 |  71.1 |      29 |       2 |   6.5
        D:3 |      40 |      55 |  57.9 |      15 |      10 |  40.0
        D:4 |     158 |       0 |   0.0 |      25 |       0 |   0.0
            +---------+---------+-------+---------+---------+-------
